 Dungeon Crawl Stone Soup version 0.27-a0-1557-g57f10a385c (webtiles) character file.

Game seed: 11966915093191158805

212 Sin92 the Skirmisher (level 5, -7/49 (50) HPs)
             Began as a Minotaur Fighter on July 15, 2021.
             Mangled by a wight (11 damage)
             ... on level 4 of the Dungeon.
             The game lasted 00:02:40 (3445 turns).

Sin92 the Skirmisher (Minotaur Fighter)             Turns: 3445, Time: 00:02:41

HP:   -7/49 (50)    AC:  7    Str: 17 (20) XL:     5   Next: 58%
MP:   4/4           EV:  8    Int:  4 (5)  God:
Gold: 100           SH:  9    Dex: 10 (11) Spells: 4/4 levels left

rFire    . . .     SeeInvis .   a - +0 war axe
rCold    . . .     Faith    .   c - +0 kite shield
rNeg     . . .     Spirit   .   b - +0 scale mail
rPois    .         Reflect  .   (helmet restricted)
rElec    .         Harm     .   (no cloak)
rCorr    .         Rampage  .   (no gloves)
Will     .....     Clarity  +   (no boots) Stlth ..........Rnd*Tele +
                                (no amulet)
HPRegen  0.16/turn              (no ring)
MPRegen  0.09/turn              (no ring)

@: studying Fighting, lightly drained
A: horns 2, retaliatory headbutt, clarity, high mp 1, teleportitis 1
a: no special abilities


You were on level 4 of the Dungeon.
You visited 2 branches of the dungeon, and saw 5 of its levels.

You collected 100 gold pieces.

Inventory:

Hand Weapons
 a - a +0 war axe (weapon)
Armour
 b - a +0 scale mail (worn)
 c - a +0 kite shield (worn)
Wands
 n - a wand of mindburst (6)
Scrolls
 f - a scroll of identify
 l - a scroll of fog
Potions
 d - a potion of might
 g - a potion of attraction


   Skills:
 * Level 6.2 Fighting
 + Level 3.8 Axes
 + Level 4.5 Armour
 + Level 2.1 Dodging
 + Level 4.5 Shields


You had 4 spell levels left.
You didn't know any spells.
Your spell library contained the following spells:

 Spells                   Type           Power      Damage    Failure   Level
 Portal Projectile        Hex/Tloc       0%         N/A       100%        3
 Blade Hands              Tmut           0%         N/A       100%        5
 Excruciating Wounds      Necr           0%         N/A       100%        5


Dungeon Overview and Level Annotations

Branches:
Dungeon (4/15)             Temple (1/1) D:4

Altars:
Ashenzari
Cheibriados
Fedhas
Gozag
Hepliaklqana
Kikubaaqudgha
Nemelex Xobeh
Ru
Sif Muna
Uskayaw
Vehumet
Wu Jian
Xom
Yredelemnul


Innate Abilities, Weirdness & Mutations

You have a pair of horns on your head.
You reflexively headbutt those who attack you in melee.
You possess an exceptional clarity of mind.
You have an increased reservoir of magic. (+10% MP)
You are occasionally teleported next to monsters.


Message History

Unknown command.
HP restored.
A wight comes into view.
It is wielding a +3 halberd of freezing.
Unknown command.
A wight is nearby!
Found a stone staircase leading down.
Unknown command.
A wight is nearby!
The wight hits you from afar with a +3 halberd of freezing!
The wight freezes you.
Unknown command.
A wight is nearby!
The wight hits you with a +3 halberd of freezing!
You feel drained. The wight freezes you.
Unknown command.
A wight is nearby!
You barely miss the wight.
The wight hits you with a +3 halberd of freezing!
* * * LOW HITPOINT WARNING * * *
The wight freezes you.
* * * LOW HITPOINT WARNING * * *
Unknown command.
A wight is nearby!
You are too injured to fight recklessly!
Unknown command.
A wight is nearby!
You are too injured to fight recklessly!
Unknown command.
A wight is nearby!
You are too injured to fight recklessly!
Unknown command.
A wight is nearby!
You are too injured to fight recklessly!
You closely miss the wight.
The wight hits you with a +3 halberd of freezing.
* * * LOW HITPOINT WARNING * * *
The wight freezes you.
* * * LOW HITPOINT WARNING * * *
The wight hits you with a +3 halberd of freezing!
You die...

# #### ###.####..##
#.....z....##
.......@....##
.............##
..............#
..............#
..>....####...# ......#
##...## # .....#
##..#..#####.##
...##..##...#...#.....##
## #....#.#.#.(......#


You could see a wight.

Vanquished Creatures
  A water moccasin zombie (D:3)
  3 adders
  3 gnolls (D:3)
  2 worms (D:2)
  6 orcs (D:3)
  9 endoplasms
  6 giant cockroaches
  7 goblins
  3 hobgoblins
  11 jackals
  7 kobolds
  3 quokkas
  4 ball pythons
  8 bats
  3 frilled lizards
  A quokka skeleton (D:4)
  5 rats
82 creatures vanquished.

Notes
Turn   | Place    | Note
-------+----------+-------------------------------------------
     0 | D:1      | Sin92 the Minotaur Fighter began the quest for the Orb.
     0 | D:1      | Reached XP level 1. HP: 19/19 MP: 0/0
   116 | D:1      | Found a faded altar of an unknown god.
   401 | D:1      | Reached XP level 2. HP: 27/27 MP: 1/1
   749 | D:1      | Reached XP level 3. HP: 33/33 MP: 2/2
   974 | D:2      | Reached skill level 4 in Fighting
  1140 | D:2      | Reached skill level 1 in Dodging
  1301 | D:2      | Reached XP level 4. HP: 40/41 MP: 3/3
  1934 | D:2      | Found a hide-covered altar of Uskayaw.
  2203 | D:3      | Reached skill level 5 in Fighting
  2321 | D:3      | Reached XP level 5. HP: 12/48 MP: 4/4
  2558 | D:3      | Found a basalt altar of Yredelemnul.
  2738 | D:3      | Reached skill level 6 in Fighting
  3060 | D:3      | Gained mutation: You possess an exceptional clarity of
                  | mind. [potion of mutation]
  3060 | D:3      | Gained mutation: You are occasionally teleported next to
                  | monsters. [potion of mutation]
  3060 | D:3      | Gained mutation: You have an increased reservoir of magic.
                  | (+10% MP) [potion of mutation]
  3311 | D:4      | Found a staircase to the Ecumenical Temple.
  3317 | Temple   | Entered the Ecumenical Temple
  3445 | D:4      | Mangled by a wight

Illustrated notes

Levels and vault maps discovered:
D:1:      dpeg_arrival_rhombi, layout_basic,
          chequers_ecumenical_altar_simple_redux
D:2:      layout_basic, basic_altar, kennysheep_generic_room_3
D:3:      layout_loops_corners, mainiacjoe_overflow_tiny_flanked
D:4:      minmay_angry_zag, layout_cave_pods,
          mainiacjoe_overflow_small_starburst, minmay_temple_entry_arrows,
          uniq_grinder
Temple:   dshaligram_water_room_temple

Skill      XL: |  1  2  3  4  5 |
---------------+----------------+-----
Axes           | 3 |  3.8
Fighting       | 4 5 6 |  6.2
Shields        | 4 |  4.5
Dodging        | 1 2 |  2.1
Armour         | 4 |  4.5

Action                   |  1- 3 |  4- 6 || total
-------------------------+-------+-------++-------
Melee: War axe           |    90 |    71 ||   161
       Headbutt          |     6 |    11 ||    17
  Use: Potion            |       |     7 ||     7
       Scroll            |       |     1 ||     1
Armor: Scale mail        |    46 |    38 ||    84
Dodge: Dodged            |    30 |    26 ||    56
Block: Kite shield       |    61 |    34 ||    95

Table legend: (Time is in decaauts)
 A = Elapsed time spent in this place.
 B = Non-inter-level travel time spent in this place.
 C = Inter-level travel time spent in this place.
 D = Time resting spent in this place.
 E = Time spent auto-exploring this place.
 F = Levels seen in this place.
 G = Mean time per level.
                   A        B        C        D        E       F      G
               +--------+--------+--------+--------+--------+-----+--------+
         Total |   3534 |   3463 |     71 |    454 |   2528 |   5 |  706.8 |
       Dungeon |   3438 |   3389 |     49 |    454 |   2456 |   4 |  859.5 |
        Temple |     95 |     73 |     22 |      0 |     72 |   1 |   95.0 |
               +--------+--------+--------+--------+--------+-----+--------+

Top non-repeatable levels by time:
     D:3: 1349 daAuts
     D:2: 1060 daAuts
     D:1: 988 daAuts
  Temple: 95 daAuts
     D:4: 40 daAuts
